 Dungeon Crawl Stone Soup version 0.19.0-2-gae57169 (webtiles) character file.

590 Patchouli the Caller (level 7, -1/36 HPs)
             Began as a Tengu Summoner on Nov 3, 2016.
             Was an Initiate of Kikubaaqudgha.
             Slain by a leopard gecko (2 damage)
             ... on level 7 of the Dungeon.
             The game lasted 00:20:09 (2097 turns).

Patchouli the Caller (Tengu Summoner)               Turns: 2097, Time: 00:20:10

Health: -1/36      AC:  2    Str:  6 (8)  XL:     7   Next: 39%
Magic:  4/15       EV: 14    Int: 16 (18) God:    Kikubaaqudgha [......]
Gold:   189        SH:  0    Dex: 12 (14) Spells: 5 memorised, 3 levels left

rFire  . . .     SeeInvis .     e - +2 whip (elec)
rCold  . . .     Gourm    .     r - +0 robe
rNeg   . . .     Faith    .     (no shield)
rPois  .         Spirit   .     (helmet restricted)
rElec  .         Reflect  .     (no cloak)
rCorr  .         Harm     .     (no gloves)
MR     .....     Rnd*Rage +     (boots unavailable)
Stlth  ++........               (no amulet)
                                (no ring)
                                g - ring of flight

@: slowed, very slow
A: beak, talons 3, berserk 1, blurry vision 1, deterioration 1, able to fly 1
a: Fly, Renounce Religion, Evoke Flight


You were on level 7 of the Dungeon.
You worshipped Kikubaaqudgha.
Kikubaaqudgha was noncommittal.
You were very hungry.

You visited 1 branch of the dungeon, and saw 7 of its levels.

You collected 189 gold pieces.

Inventory:

Hand Weapons
 e - a +2 whip of electrocution (weapon)
Missiles
 i - 2 javelins (quivered)
Armour
 a - a +0 robe
 r - a +0 robe (worn)
Magical Staves
 l - an uncursed staff of fire
Jewellery
 g - a ring of flight (left hand)
 q - an uncursed ring of fire {unknown}
Scrolls
 n - 2 scrolls of identify
 o - 2 scrolls of random uselessness
Potions
 p - a potion of agility
Books
 b - a book of Callings

   Spells                             Type                      Level
   a - Summon Small Mammal            Summoning                    1
   b - Call Imp                       Summoning                    2
   c - Call Canine Familiar           Summoning                    3
   d - Summon Guardian Golem          Hexes/Summoning              3
   e - Summon Lightning Spire         Summoning/Air                4
   f - Summon Ice Beast               Ice/Summoning                4
 j - a book of Minor Magic

   Spells                             Type                      Level
   a - Magic Dart                     Conjuration                  1
   b - Blink                          Translocation                2
   c - Call Imp                       Summoning                    2
   d - Repel Missiles                 Charms/Air                   2
   e - Slow                           Hexes                        2
   f - Conjure Flame                  Conjuration/Fire             3
   g - Mephitic Cloud                 Conjuration/Poison/Air       3
Comestibles
 c - a bread ration
 k - 2 meat rations


   Skills:
 + Level 2.5 Armour
 + Level 4.1 Dodging
 - Level 2.0 Stealth
 * Level 4.6 Spellcasting
 + Level 0.4 Hexes
 * Level 7.0 Summonings


You had 3 spell levels left.
You knew the following spells:

 Your Spells              Type           Power        Failure   Level  Hunger
a - Summon Small Mammal   Summ           ####         1%          1    None
b - Call Imp              Summ           ####....     1%          2    ##.....
c - Call Canine Familiar  Summ           ####....     2%          3    ###....
e - Conjure Flame         Conj/Fire      #.......     52%         3    ###....
g - Summon Guardian Gole  Hex/Summ       ###.....     12%         3    ###....


Dungeon Overview and Level Annotations

Branches:
Dungeon (7/15)
 Temple: D:4-7

Altars:
Kikubaaqudgha

Shops:
D:6 }

Annotations:
D:2 Jessica


Innate Abilities, Weirdness & Mutations

You have a beak for a mouth.
You have claws for feet.
You can fly.
You tend to lose your temper in combat.
Scrolls take you a little longer to read.
Your body sometimes deteriorates upon taking damage.


Message History

The orc hits you with a short sword.
Your body deteriorates!
You feel weakened.
The leopard gecko misses you. x2; The leopard gecko barely misses you.
The orc hits you with a short sword. The ogre hits you with a giant club.
* * * LOW HITPOINT WARNING * * *
Your body deteriorates!
You feel dopey.
You climb downwards.
There is a stone staircase leading up here.
Okay, then.
Okay, then.
You hit the leopard gecko.
You kill the leopard gecko!
Kikubaaqudgha accepts your kill. The leopard gecko misses you.
The orc hits you with a short sword.
* * * LOW HITPOINT WARNING * * *
The leopard gecko barely misses you. The orc hits you with a short sword.
* * * LOW HITPOINT WARNING * * *
The leopard gecko bites you.
You die...
Kikubaaqudgha rasps: "You have failed me!
Welcome... death!"

## #.
##.##
#.ol##
#...##@#
#...#
##.......
...
#...... .
.....#
....#
....#
#... ...


You could see an orc and a leopard gecko.

Vanquished Creatures
  An adder (D:6)
  A shadow imp (D:5)
  2 leopard geckos
  A ball python (D:3)
  A hobgoblin (D:1)
  A goblin (D:3)
7 creatures vanquished.

Vanquished Creatures (collateral kills)
  Pikel (D:5)
  Eustachio (D:6)
  A slave (D:5)
  An ogre (D:6)
  Blork the orc (D:5)
  A scorpion (D:5)
  A hound (D:5)
  3 orc wizards (D:5)
  An orc priest (D:6)
  A worker ant (D:5)
  Natasha (thrice) (D:2)
  An adder (D:2)
  A shadow imp (D:6)
  An ooze (D:2)
  A worm (D:2)
  An adder skeleton (D:5)
  A leopard gecko (D:6)
  2 orcs (D:5)
  A giant cockroach (D:3)
  7 goblins
  6 hobgoblins
  6 jackals
  3 quokkas
  3 bats
  5 frilled lizards
  3 kobolds
  A rat (D:1)
58 creatures vanquished.

Vanquished Creatures (others)
  A centaur (D:5)
  A hound (D:5)
2 creatures vanquished.

Grand Total: 67 creatures vanquished

Notes
Turn   | Place    | Note
-------+----------+-------------------------------------------
     0 | D:1      | Patchouli the Tengu Summoner began the quest for the Orb.
     0 | D:1      | Reached XP level 1. HP: 10/10 MP: 4/4
    90 | D:2      | Reached skill level 5 in Summonings
   114 | D:2      | Noticed Jessica
   150 | D:2      | Noticed Natasha
   161 | D:2      | Killed Natasha
   161 | D:2      | Reached XP level 2. HP: 11/15 MP: 1/6
   188 | D:2      | Noticed Natasha
   229 | D:3      | Learned a level 2 spell: Call Imp
   341 | D:3      | Reached XP level 3. HP: 19/19 MP: 1/7
   386 | D:2      | Killed Natasha
   406 | D:2      | Noticed Natasha
   489 | D:2      | Killed Natasha
   489 | D:2      | Reached XP level 4. HP: 10/24 MP: 4/9
   928 | D:3      | Learned a level 3 spell: Call Canine Familiar
   943 | D:3      | Learned a level 3 spell: Summon Guardian Golem
  1028 | D:3      | You fall through a shaft for 2 floors!
  1028 | D:5      | Entered Level 5 of the Dungeon
  1028 | D:5      | Noticed Pikel
  1028 | D:5      | Noticed a slave
  1028 | D:5      | Noticed a slave
  1028 | D:5      | Noticed a slave
  1028 | D:5      | Noticed a slave
  1195 | D:5      | Killed Pikel
  1195 | D:5      | Reached skill level 6 in Summonings
  1195 | D:5      | Gained mutation: You can fly. [Tengu growth]
  1195 | D:5      | Reached XP level 5. HP: 13/28 MP: 0/12
  1195 | D:5      | Reached XP level 6. HP: 15/32 MP: 0/13
  1195 | D:5      | Killed a slave
  1422 | D:5      | Noticed Blork the orc
  1435 | D:5      | Killed Blork the orc
  1586 | D:5      | Found an ancient bone altar of Kikubaaqudgha.
  1595 | D:5      | Became a worshipper of Kikubaaqudgha
  1607 | D:5      | Learned a level 3 spell: Conjure Flame
  1829 | D:5      | Reached XP level 7. HP: 30/36 MP: 0/14
  1946 | D:6      | Found Hihus's Quality Used Wands.
  1950 | D:6      | Noticed Eustachio
  1977 | D:6      | Gained mutation: You tend to lose your temper in combat. [potion of mutation]
  1977 | D:6      | Gained mutation: Scrolls take you a little longer to read. [potion of mutation]
  1977 | D:6      | Gained mutation: Your body sometimes deteriorates upon taking damage. [potion of mutation]
  1985 | D:6      | Killed Eustachio
  2028 | D:6      | Reached skill level 7 in Summonings
  2096 | D:7      | HP: 1/36 [orc/short sword (2)]
  2097 | D:7      | Slain by a leopard gecko

Skill      XL: |  1  2  3  4  5  6  7 |
---------------+----------------------+-----
Summonings     | 5 6 7 |  7.0
Spellcasting   | 4 |  4.6
Armour         | 2 |  2.5
Dodging        | 3 4 |  4.1
Stealth        | |  2.0
Hexes          | |  0.4

Action                   |  1- 3 |  4- 6 |  7- 9 || total
-------------------------+-------+-------+-------++-------
Melee: Unarmed           |     4 |       |       ||     4
       Spear             |     9 |    40 |       ||    49
       Peck              |     2 |     2 |     1 ||     5
       Kick              |       |     2 |     4 ||     6
       Whip              |       |     6 |    11 ||    17
 Cast: Summon Small Mamm |    32 |    11 |       ||    43
       Call Imp          |     5 |    17 |     4 ||    26
       Call Canine Famil |       |    13 |     6 ||    19
       Summon Guardian G |       |     5 |     1 ||     6
  Use: Potion            |     1 |       |     5 ||     6
       Scroll            |       |     7 |     2 ||     9
 Stab: Sleeping          |     1 |     4 |       ||     5
       Distracted        |     1 |       |       ||     1
  Eat: Chunk             |       |     5 |     1 ||     6
Armor: Robe              |    10 |     8 |     2 ||    20
Dodge: Dodged            |    26 |    37 |    26 ||    89
